Map: Acropolis LE

Players

Smeeeger - Winner!

  • Race: Zerg Zerg
  • League: Platinum
  • Spawn Location: 11:00

Gizmo

  • Race: Terran Terran
  • League: Platinum
  • Spawn Location: 5:00

VOD

Have the link to the VOD?

Description

Time

  • Played on: July 7, 2019, 5:51 p.m.
  • Length: 49:38
Show
View Real Time Build Order
Export as new Build Order

Smeeeger Zerg - Winner!

Build Orders: Hatch First 

Get SALT Encoding   

  12  0:01  Drone  
  13  0:16  Overlord  
  13  0:18  Drone  
  14  0:34  Drone x2  
  16  0:43  Drone  
  17  0:50  Drone  
  18  1:01  Drone  
  18  1:02  Hatchery  
  18  1:04  Extractor  
  17  1:15  Spawning Pool  
  17  1:17  Drone  
  17  1:24  Drone  
  18  1:32  Drone  
  19  1:43  Overlord  
  19  2:02  Queen  
  19  2:03  Zergling x2  
  19  2:05  Zergling x2  
  23  2:20  Metabolic Boost  
  23  2:23  Drone  
  23  2:24  Drone  
  25  2:31  Queen  
  27  2:37  Drone x3  
  27  2:38  Queen  
  27  2:40  Overlord  
  32  2:59  Hatchery  
  30  3:10  Drone x4  
  30  3:11  Drone x2  
  36  3:13  Overlord  
  36  3:16  Overlord  
  36  3:25  Drone x2  
  38  3:27  Overlord  
  38  3:38  Drone x2  
  38  3:40  Zergling x6  
  43  3:49  Drone x2  
  43  3:51  Drone x2  
  43  3:52  Extractor  
  43  3:54  Extractor  
  46  4:02  Drone  
  46  4:03  Drone x2  
  46  4:09  Zergling x4  
  50  4:13  Baneling Nest, Lair  
  50  4:15  Drone  
  50  4:17  Zergling x2  
  50  4:18  Zergling x2  
  52  4:24  Overlord  
  52  4:25  Overlord  
  52  4:37  Drone x3  
  55  4:41  Zergling x6  
  58  4:52  Zergling x8  
  62  4:53  Zergling x4  
  62  4:54  Zergling x10  
  62  4:55  Zergling x2  
  62  4:59  Baneling  
  70  5:01  Baneling  
  70  5:06  Drone x4  
  75  5:07  Drone x2  
  75  5:10  Centrifical Hooks  
  76  5:16  Baneling x5  
  76  5:29  Queen  
  71  5:55  Drone x5  
  71  5:56  Drone  
  73  6:07  Drone x2  
  73  6:08  Drone x2  
  77  6:14  Overlord x2  
  77  6:21  Extractor  
  77  6:24  Hydralisk Den  
  75  6:25  Evolution Chamber  
  75  6:31  Hatchery, Zergling x2, Extractor  
  75  6:32  Zergling x12, Extractor  
  79  6:33  Zergling x2  
  79  6:35  Hatchery  
  79  6:36  Zergling x2  
  79  6:37  Zergling x6  
  75  7:03  Queen  
  75  7:05  Drone x3  
  75  7:07  Spore Crawler, Muscular Augments  
  79  7:12  Hydralisk x7  
  93  7:18  Drone x2  
  93  7:19  Drone  
  96  7:24  Drone x3  
  96  7:28  Baneling x3  
  96  7:29  Baneling  
  99  7:33  Baneling x2  
  99  7:51  Baneling x6  
  99  7:52  Baneling x4  
  99  7:54  Hatchery  
  98  8:03  Zerg Missile Weapons Level 1  
  98  8:08  Evolution Chamber  
  98  8:09  Infestation Pit  
  96  8:14  Baneling  
  96  8:15  Baneling x5  
  95  8:39  Hydralisk  
  95  8:40  Hydralisk x8  
  85  8:44  Hydralisk  
  85  8:45  Hydralisk  
  89  8:53  Zergling x4  
  89  8:54  Zergling x4  
  89  8:55  Zergling x10  
  97  8:56  Zergling x4  
  97  8:57  Zergling x12  
  97  8:58  Zergling x12  
  97  8:59  Zergling x4  
  114  9:02  Evolution Chamber  
  114  9:03  Evolution Chamber  
  114  9:06  Grooved Spines  
  114  9:09  Drone x2  
  115  9:10  Drone  
  115  9:12  Drone x4  
  115  9:13  Drone x2  
  115  9:15  Hydralisk  
  123  9:18  Baneling x2  
  123  9:19  Baneling x5  
  123  9:20  Baneling x3  
  123  9:21  Baneling x3  
  123  9:26  Baneling x2  
  123  9:27  Baneling  
  123  9:31  Hive  
  123  9:36  Baneling x3  
  123  9:40  Overlord  
  123  9:41  Overlord x5  
  123  9:45  Zerg Ground Armor Level 1  
  123  9:49  Zerg Melee Weapons Level 1  
  123  9:58  Queen  
  123  9:59  Overlord x2  
  125  10:00  Drone  
  125  10:01  Drone x4  
  125  10:04  Extractor  
  125  10:05  Drone  
  125  10:06  Drone x2  
  132  10:07  Drone, Extractor  
  129  10:14  Zergling x6  
  129  10:15  Zergling x2  
  129  10:16  Hydralisk  
  129  10:17  Hydralisk  
  129  10:18  Drone  
  129  10:19  Drone  
  139  10:29  Zerg Missile Weapons Level 2  
  139  10:30  Spire  
  139  10:33  Hydralisk x2  
  139  10:34  Hydralisk, Queen  
  146  10:37  Drone x2  
  146  10:38  Overlord  
  146  10:40  Overseer  
  146  10:41  Overlord  
  148  10:48  Baneling x5  
  113  11:36  Zergling x38  
  113  11:37  Zergling x46  
  137  11:44  Greater Spire  
  123  11:59  Hydralisk x13  
  107  12:31  Mutalisk x5  
  107  12:32  Mutalisk x9  
  135  12:51  Hatchery  
  135  12:55  Corruptor x4  
  142  13:03  Zerg Missile Weapons Level 3  
  138  13:16  Zergling x6  
  138  13:17  Zergling x2  
  138  13:20  Zergling x10  
  138  13:21  Corruptor x2, Zergling x6  
  138  13:22  Corruptor  
  128  14:03  Hydralisk x17  
  128  14:09  Drone  
  143  14:10  Drone x4  
  143  14:12  Drone  
  143  14:13  Drone  
  143  14:14  Drone  
  150  14:25  Zerg Ground Armor Level 2  
  150  14:30  Queen  
  150  14:31  Extractor  
  149  14:41  Baneling x6  
  149  14:42  Brood Lord x2  
  153  14:46  Drone x3  
  153  14:47  Drone x3  
  159  14:55  Extractor  
  159  14:58  Brood Lord x2  
  160  15:25  Viper x3  
  169  15:29  Zergling x10  
  169  15:30  Zergling x50  
  199  15:36  Overseer  
  199  15:37  Pneumatized Carapace  
  199  15:39  Zerg Melee Weapons Level 2  
  102  16:29  Hydralisk x18  
  102  16:30  Hydralisk x9  
  156  16:47  Zergling x2  
  156  16:48  Zergling x24  
  156  16:49  Adrenal Glands  
  169  17:00  Zergling x4  
  169  17:01  Zergling x16  
  171  17:18  Drone x3  
  174  17:28  Zerg Ground Armor Level 3  
  174  17:29  Lurker Den  
  173  17:32  Hatchery, Baneling x2  
  173  17:33  Baneling x6  
  173  17:34  Baneling x3  
  116  18:18  Hydralisk  
  89  18:21  Hydralisk x23  
  89  18:22  Hydralisk x2  
  89  18:23  Hydralisk  
  141  18:32  Zergling x20  
  143  18:38  Zergling x6  
  144  18:41  Drone  
  144  18:47  Queen  
  145  18:54  Zergling x10  
  145  18:55  Zergling x2  
  146  19:11  Queen  
  146  19:12  Drone x4  
  152  19:19  Corruptor  
  152  19:20  Corruptor x2  
  153  19:24  Drone  
  153  19:25  Infestor  
  153  19:30  Adaptive Talons  
  151  19:32  Hydralisk  
  151  19:34  Extractor  
  151  19:35  Lurker  
  151  19:36  Lurker, Extractor  
  151  19:38  Lurker  
  154  19:57  Brood Lord x2  
  132  20:07  Corruptor  
  134  20:26  Swarm Host  
  134  20:27  Infestor  
  139  20:32  Zergling x10  
  139  20:33  Zergling x42  
  165  20:40  Zerg Melee Weapons Level 3  
  166  20:42  Drone  
  166  20:43  Drone x2  
  166  20:47  Corruptor  
  170  20:56  Baneling  
  170  20:57  Baneling x7  
  170  21:17  Spine Crawler  
  170  21:18  Spore Crawler, Spine Crawler  
  168  21:19  Drone x3  
  169  21:28  Hydralisk x2  
  169  21:29  Hydralisk x5  
  169  21:30  Hydralisk x4  
  119  22:10  Zergling x30  
  119  22:11  Zergling x18  
  119  22:19  Drone x3  
  119  22:20  Drone x2  
  114  22:24  Drone x3  
  117  22:30  Spore Crawler  
  117  22:31  Spore Crawler  
  117  22:32  Spore Crawler  
  117  22:33  Spine Crawler  
  117  22:34  Spine Crawler  
  112  22:37  Baneling  
  112  22:38  Baneling x5  
  112  22:39  Baneling x2  
  112  22:42  Hydralisk  
  112  22:43  Hydralisk x7  
  109  22:59  Zergling x2  
  109  23:00  Zergling x22  
  109  23:02  Zergling x2  
  121  23:06  Drone  
  121  23:07  Drone x2  
  121  23:08  Drone  
  121  23:09  Drone  
  126  23:14  Spore Crawler  
  126  23:16  Spore Crawler  
  126  23:19  Spine Crawler  
  123  23:22  Spine Crawler  
  114  23:43  Zergling x4  
  114  23:44  Zergling x34  
  109  24:17  Hatchery  
  102  24:18  Extractor  
  102  24:20  Extractor  
  86  24:26  Corruptor x2  
  86  24:27  Corruptor x5  
  100  24:35  Spore Crawler  
  100  24:36  Spine Crawler  
  98  24:39  Zergling x4  
  98  24:40  Zergling x6  
  98  24:44  Hydralisk  
  105  25:00  Zergling x18  
  105  25:01  Zergling x2  
  84  25:47  Spore Crawler  
  77  25:50  Hydralisk x10  
  77  25:51  Spore Crawler  
  96  25:57  Zergling x4  
  96  25:58  Zergling x4  
  99  26:26  Hatchery  
  98  26:52  Overseer  
  98  27:01  Swarm Host x2  
  118  27:22  Hydralisk x4  
  126  27:34  Lurker x4  
  130  27:38  Hydralisk  
  130  27:39  Hydralisk  
  134  27:46  Burrow  
  134  28:01  Hatchery  
  134  28:02  Spore Crawler  
  132  28:07  Spore Crawler  
  131  28:14  Hydralisk x3  
  137  28:22  Hydralisk  
  139  28:30  Spore Crawler, Drone x2  
  139  28:31  Drone x2  
  142  28:36  Hydralisk  
  142  28:39  Baneling x3  
  142  28:40  Baneling  
  144  28:56  Spore Crawler  
  144  28:58  Spore Crawler x2  
  141  29:03  Corruptor  
  143  29:10  Zergling x2  
  143  29:11  Zergling x6  
  147  29:20  Extractor  
  144  29:32  Hydralisk x2  
  144  29:33  Hydralisk x2  
  132  30:11  Hydralisk x3  
  134  30:26  Hydralisk x3  
  134  30:27  Hydralisk x6  
  134  30:28  Hydralisk x3  
  152  30:36  Overseer x3  
  164  30:51  Hydralisk  
  155  31:40  Hatchery  
  155  31:46  Hydralisk x10  
  172  31:50  Hydralisk  
  176  32:18  Zergling x10  
  176  32:19  Zergling x14  
  188  32:29  Spore Crawler  
  187  32:30  Spore Crawler  
  187  32:32  Extractor  
  187  32:34  Extractor  
  184  32:46  Zergling x12  
  164  33:42  Drone x5  
  164  33:43  Drone x6  
  164  33:46  Drone x3  
  177  34:24  Hatchery  
  177  34:25  Hydralisk  
  177  34:26  Hydralisk x5  
  188  34:44  Hatchery  
  179  35:10  Hydralisk x2  
  179  35:11  Hydralisk x3  
  189  35:23  Zergling x8  
  189  35:24  Zergling x4  
  173  37:00  Spore Crawler  
  160  37:14  Zergling x26  
  160  37:15  Zergling x30  
  151  38:26  Hydralisk  
  151  38:28  Hydralisk  
  151  38:29  Hydralisk x14  
  151  38:33  Overlord x3  
  174  38:52  Hydralisk x2  
  174  38:53  Hydralisk x5  
  174  38:54  Hydralisk x3  
  180  39:18  Corruptor x3  
  168  39:59  Zergling x10  
  176  40:00  Zergling x20  
  183  40:11  Drone x2  
  185  40:17  Drone  
  186  40:27  Brood Lord  
  173  40:59  Hatchery  
  172  41:19  Brood Lord  
  172  41:20  Brood Lord  
  176  41:31  Zergling x8  
  176  41:32  Zergling x4  
  172  41:33  Zergling x2  
  173  41:55  Hatchery  
  145  42:51  Hydralisk x6  
  139  43:07  Hydralisk  
  125  43:13  Hydralisk  
  127  43:20  Drone  
  128  43:33  Hydralisk  
  130  43:42  Hydralisk  
  132  43:49  Drone  
  133  44:01  Hydralisk  
  131  44:11  Drone x2  
  133  44:38  Hydralisk x2  
  121  44:44  Hydralisk  
  112  44:51  Hydralisk  
  109  45:17  Hydralisk  
  109  45:18  Hydralisk  
  113  45:25  Drone x2  
  115  45:30  Drone  
  115  45:34  Extractor  
  115  45:36  Extractor  
  114  45:48  Spore Crawler  
  114  45:49  Hydralisk  
  115  46:05  Hydralisk x2  
  119  46:13  Zergling x2  
  119  46:14  Spore Crawler  
  119  46:18  Drone  
  120  46:32  Hydralisk  
  120  46:35  Drone x2  
  124  46:40  Drone  
  125  47:02  Hydralisk  
  125  47:03  Hydralisk x2  
  131  47:12  Spore Crawler  
  130  47:17  Spore Crawler  
  130  47:20  Drone  
  130  47:23  Drone  
  131  47:35  Spore Crawler  
  130  47:37  Spore Crawler  
  129  47:54  Hydralisk x3  
  135  48:04  Spine Crawler  
  135  48:05  Drone  
  135  48:08  Drone  
  135  48:09  Drone  
  126  48:55  Zergling x2  
  126  48:56  Zergling x38  
  145  49:03  Drone  
  145  49:04  Drone x2  
  148  49:14  Drone  
  148  49:15  Drone x3  
  148  49:16  Drone  
Show
View Real Time Build Order
Export as new Build Order

Gizmo Terran 

Build Orders: Mech 

Get SALT Encoding   

  12  0:01  SCV  
  13  0:18  Supply Depot  
  13  0:22  Refinery  
  13  0:23  SCV  
  14  0:41  Barracks  
  14  0:52  SCV  
  14  0:53  Supply Depot  
  15  1:09  SCV  
  16  1:21  SCV  
  17  1:30  Marine  
  18  1:33  Factory  
  18  1:37  Orbital Command  
  18  1:49  Marine  
  19  1:59  Refinery  
  19  2:03  SCV  
  20  2:08  Marine  
  21  2:21  SCV  
  22  2:28  Factory Tech Lab  
  22  2:30  Marine  
  23  2:43  SCV  
  24  2:44  Starport  
  24  2:48  Siege Tank  
  27  2:53  Marine  
  27  2:55  SCV  
  29  3:09  Command Center, SCV  
  30  3:21  Armory  
  30  3:31  Supply Depot  
  30  3:44  Barracks Reactor  
  30  3:52  Hellion  
  32  4:03  Medivac  
  32  4:07  Infernal Pre-Igniter  
  34  4:14  Hellion  
  36  4:26  Supply Depot  
  36  4:27  SCV  
  37  4:39  SCV  
  37  4:40  Refinery  
  37  4:44  Thor  
  37  4:45  Refinery  
  44  4:47  Orbital Command  
  44  4:54  SCV  
  44  4:59  Supply Depot  
  45  5:14  Factory  
  45  5:23  Barracks Tech Lab  
  40  5:48  SCV  
  40  5:50  Thor  
  42  6:00  SCV  
  43  6:08  Supply Depot  
  43  6:10  Liberator  
  43  6:11  Widow Mine x2  
  47  6:12  Supply Depot  
  47  6:17  SCV x2  
  52  6:33  Supply Depot  
  52  6:39  SCV  
  54  6:40  SCV  
  54  6:46  Widow Mine  
  62  6:51  SCV  
  62  6:52  SCV  
  64  6:55  Liberator  
  64  7:06  Siege Tank  
  61  7:13  SCV x2  
  61  7:15  Terran Vehicle Weapons Level 1  
  66  7:22  Engineering Bay  
  66  7:32  Siege Tank  
  69  7:37  Command Center  
  69  7:38  SCV  
  69  7:39  SCV  
  69  7:40  Factory  
  71  7:47  Siege Tank  
  74  7:52  Neosteel Armor  
  74  7:54  SCV x2  
  76  8:06  Viking  
  78  8:16  Supply Depot  
  78  8:17  Supply Depot  
  78  8:35  Siege Tank, SCV x2  
  81  8:48  Hellion x2  
  81  8:49  Hellion  
  81  8:51  Factory  
  81  8:52  Command Center  
  83  8:55  Viking  
  83  9:00  Armory  
  85  9:07  Hellion  
  87  9:11  Hellion x2  
  87  9:12  SCV x2  
  93  9:24  SCV  
  94  9:29  Terran Vehicle And Ship Armor Level 1  
  94  9:33  Missile Turret  
  94  9:37  Missile Turret  
  94  9:42  Siege Tank  
  94  9:43  Siege Tank  
  94  9:44  Viking  
  102  9:58  Factory Tech Lab  
  102  10:02  Terran Vehicle Weapons Level 2  
  102  10:06  Hellion x2  
  100  10:15  Hellion x2  
  100  10:20  Factory  
  104  10:22  Factory  
  104  10:27  Hellion  
  104  10:28  Hellion  
  108  10:34  Planetary Fortress  
  108  10:46  Siege Tank x2  
  108  10:47  Widow Mine  
  108  10:49  Hellion x2  
  120  10:50  Supply Depot x2  
  120  11:01  Barracks Tech Lab  
  120  11:32  Siege Tank  
  90  11:33  Siege Tank x2  
  90  11:35  Viking x2  
  90  11:37  Factory Reactor  
  94  11:48  Factory Tech Lab  
  89  12:10  Thor  
  89  12:11  Hellion, Siege Tank, Widow Mine  
  83  12:30  Supply Depot  
  83  12:33  Hellion, SCV x2  
  83  12:34  SCV  
  88  12:45  SCV  
  89  13:04  Planetary Fortress  
  89  13:15  Thor  
  89  13:16  Thor  
  89  13:17  Hellion x3, Widow Mine  
  89  13:19  Missile Turret  
  107  13:20  Missile Turret  
  107  13:23  Missile Turret  
  107  13:28  Missile Turret  
  107  13:32  Refinery  
  103  13:58  Missile Turret  
  103  14:01  Missile Turret  
  103  14:04  Viking x2  
  103  14:07  Terran Ship Weapons Level 1, Terran Vehicle And Ship Armor Level 2  
  103  14:09  Starport  
  107  14:20  Refinery  
  107  14:22  Siege Tank  
  107  14:23  Hellion x4  
  118  14:35  Viking x2  
  122  14:38  Starport  
  122  15:05  Hellion, Siege Tank x2  
  122  15:06  Hellion  
  124  15:21  Missile Turret  
  124  15:24  Sensor Tower  
  124  15:37  Barracks  
  124  15:43  Viking  
  124  15:44  Viking x3  
  103  16:12  Siege Tank x3  
  103  16:13  Hellion x2  
  109  16:32  Viking  
  109  16:33  Viking x2  
  115  17:07  Command Center  
  105  17:19  Siege Tank x2  
  105  17:20  Hellion x5  
  121  17:24  Liberator  
  121  17:29  Hi-Sec Auto Tracking  
  121  17:44  Starport Reactor  
  124  17:55  Starport Tech Lab  
  124  18:01  Refinery x2  
  86  18:20  Command Center  
  88  18:27  Hellion x3, Thor  
  88  18:28  Hellion x2  
  102  18:49  Planetary Fortress  
  102  18:57  Hellion x2  
  102  18:58  Hellion x2  
  98  19:30  Sensor Tower  
  94  19:32  Missile Turret  
  94  19:40  Barracks Tech Lab  
  94  19:41  Missile Turret  
  94  19:43  Missile Turret  
  94  19:49  Viking x2  
  94  19:52  Siege Tank x2  
  106  19:53  Hellion x7, Widow Mine  
  107  20:10  Planetary Fortress  
  107  20:26  Hellion x4  
  107  20:27  Cloaking Field  
  107  20:30  Hellion x2  
  107  20:31  Hellion  
  108  20:35  SCV x3  
  110  20:43  Hellion, Siege Tank  
  110  20:44  Hellion x3  
  110  20:47  SCV  
  120  21:06  Raven, Viking  
  120  21:07  Viking x2  
  120  21:08  Viking  
  120  21:10  SCV  
  120  21:11  SCV x4  
  129  21:42  Ghost Academy  
  129  21:50  Viking x4  
  99  22:23  Banshee  
  100  22:35  Siege Tank x2  
  106  22:44  Command Center  
  106  22:45  Orbital Command  
  106  22:51  Banshee  
  103  23:06  Banshee  
  106  23:21  Siege Tank  
  106  23:22  Siege Tank  
  112  23:28  Orbital Command  
  112  23:32  Refinery  
  101  24:00  Banshee  
  101  24:01  Banshee  
  107  24:09  Orbital Command  
  102  24:38  Refinery  
  102  24:43  Banshee x2  
  108  24:45  SCV x2  
  108  24:46  SCV  
  111  25:16  Terran Ship Weapons Level 2  
  111  25:28  Orbital Command  
  103  25:55  Planetary Fortress  
  107  26:04  Hellion x3  
  107  26:16  Factory Reactor  
  107  26:26  SCV x3  
  107  26:27  SCV  
  111  26:44  SCV x3  
  111  26:46  Sensor Tower  
  114  26:51  SCV x2  
  116  26:56  SCV  
  117  27:20  Siege Tank x2  
  121  27:25  Missile Turret x2  
  121  28:13  Hellion x2  
  121  28:14  Hellion  
  127  28:26  Personal Cloaking  
  123  28:39  Hellion  
  123  28:40  Hellion x5  
  135  28:50  SCV  
  135  28:51  SCV x3  
  135  29:20  Barracks  
  133  29:51  Nuke  
  124  30:04  Liberator x2  
  124  30:05  Liberator  
  120  30:29  Hellion x2  
  120  30:41  Barracks Tech Lab  
  120  30:43  Command Center  
  116  30:51  Hellion  
  116  30:52  Hellion x3  
  124  30:59  Command Center  
  118  31:21  Ghost  
  118  31:24  Hellion x3  
  118  31:25  Hellion x2  
  125  31:52  Hellion x4  
  125  31:53  Hellion  
  122  32:24  Siege Tank x3  
  131  32:38  Refinery  
  131  32:55  Ghost  
  127  33:25  Ghost  
  126  33:36  Nuke  
  109  34:33  Siege Tank x3  
  109  34:34  Hellion x2, Widow Mine  
  124  35:04  Thor  
  121  35:48  Liberator x3  
  119  36:05  Viking  
  124  36:25  Orbital Command  
  116  36:35  Viking  
  115  36:48  Viking  
  115  36:52  Hellion x4  
  100  37:40  Hellion x4  
  98  37:52  Siege Tank x2  
  98  37:53  Siege Tank  
  97  38:56  Orbital Command  
  94  39:13  Planetary Fortress  
  88  39:44  Refinery  
  88  39:49  Siege Tank x3  
  97  39:55  Missile Turret  
  97  40:01  Refinery  
  97  40:26  Hellion x4  
  102  40:50  Sensor Tower  
  81  41:28  Hellion  
  81  41:29  Hellion x4, Siege Tank  
  86  41:42  Missile Turret  
  86  41:44  Missile Turret  
  86  41:46  Missile Turret  
  86  41:53  Hellion x4  
  86  41:54  Hellion x3  
  87  42:21  Ghost  
  67  42:55  Hellion x4  
  71  43:07  Orbital Command  
  71  43:10  Viking  
  75  43:48  Hellion x2  
  75  43:49  Hellion x2  
  75  43:52  Nuke  
  77  44:09  Hellion  
  83  44:10  Hellion x2  
  55  44:57  Siege Tank x3  
  64  45:04  Raven  
  53  45:28  Factory Tech Lab  
  53  45:29  Siege Tank  
  56  45:47  Siege Tank  
  56  45:48  Siege Tank  
  62  46:08  Hellion x4  
  70  46:27  Raven  
  72  46:48  Hellion x5  
  72  46:49  Hellion x2  
  72  46:52  Medivac  
  88  47:21  Viking x2  
  92  47:41  Ghost  
  68  49:10  Hellion x5  
  68  49:11  Hellion x3  
Tags
 
Composition
Mech
Matchup
TvZ
Replay Pack
SC2 replays
Spawn Locations
Cross Positions
Add a new tag
Caveats
  • Supply blocks, unpowered buildings, or Contaminate may cause inaccurate times.
  • Supply counts are checked every 10 seconds.